 Dungeon Crawl Stone Soup version 0.28.0-49-g6dfe1f597d (webtiles) character file.

Game seed: 11239288282238616639

30281 pkoi the Zephyrmancer (level 12, -5/91 HPs)
             Began as a Demigod Air Elementalist on May 18, 2022.
             Slain by a torpor snail (20 damage)
             ... on level 4 of the Lair of Beasts.
             The game lasted 00:32:26 (30310 turns).

pkoi the Zephyrmancer (Demigod Air Elementalist)   Turns: 30310, Time: 00:32:26

Health: -5/91      AC: 23    Str:  5    XL:     12   Next: 89%
Magic:  3/25       EV: 10    Int: 42    God:
Gold:   890        SH:  0    Dex: 14    Spells: 4/23 levels left

rFire   . . .      SeeInvis +   l - +4 trident (vorpal)
rCold   . . .      Faith    .   (no shield)
rNeg    + . .      Spirit   .   y - +9 ring mail of Liwe Del {Harm Will+ Str-4 Int+6}
rPois   +          Reflect  .   I - +1 helmet
rElec   .          Harm     +   h - +0 cloak
rCorr   .          Rampage  .   v - +1 pair of gloves {Stlth+}
Will    ++...                   F - +0 pair of boots
Stlth   ++........              (no amulet)
HPRegen 0.25/turn               K - ring of the Lobster {rN+ Int+3 SInv}
MPRegen 0.19/turn               L - ring of poison resistance

@: slowed, very slow
A: high MP 1, forlorn, divine attributes
a: no special abilities


You were on level 4 of the Lair of Beasts.
You visited 3 branches of the dungeon, and saw 16 of its levels.
You also visited: Sewer and Ossuary.

You collected 890 gold pieces.

Inventory:

Hand Weapons
 c - a +0 whip
 i - a +0 dagger
 l - a +4 vorpal trident (weapon)
 u - a +1 short sword of protection
 N - a +1 whip of electrocution
Missiles
 M - 20 poisoned darts
Armour
 h - a +0 cloak (worn)
 t - a +2 robe of willpower
 v - a +1 pair of gloves of stealth (worn)
 w - the +3 leather armour of Usawoulie {rC- Will++ Dex+6}
   (You found it on level 1 of the Lair of Beasts)

   Dex:       It affects your dexterity (+6).
   rC:        It makes you vulnerable to cold.
   Will:      It greatly increases your willpower.
 y - the +9 ring mail of Liwe Del (worn) {Harm Will+ Str-4 Int+6}
   (You found it on level 6 of the Dungeon)

   Str:       It affects your strength (-4).
   Int:       It affects your intelligence (+6).
   Harm:      It increases damage dealt and taken.
   Will:      It increases your willpower.
 F - a +0 pair of boots (worn)
 I - a +1 helmet (worn)
Jewellery
 b - a ring of see invisible
 e - a ring of flight
 f - a ring of protection from fire
 J - a ring of willpower
 K - the ring of the Lobster (left hand) {rN+ Int+3 SInv}
   (You found it on level 8 of the Dungeon)

   [ring of positive energy]

   Int:       It affects your intelligence (+3).
   rN:        It protects you from negative energy.
   SInv:      It lets you see invisible.
 L - a ring of poison resistance (right hand)
Wands
 d - a wand of flame (28)
 m - a wand of mindburst (23)
 n - a wand of iceblast (12)
 H - a wand of polymorph (11)
Scrolls
 a - 6 scrolls of enchant weapon
 j - 2 scrolls of vulnerability
 k - 2 scrolls of blinking
 o - 2 scrolls of fog
 p - 4 scrolls of fear
 r - 3 scrolls of teleportation
 s - 3 scrolls of amnesia
 B - a scroll of brand weapon
 C - a scroll of summoning
 O - 3 scrolls of identify
Potions
 g - 10 potions of curing
 q - 3 potions of cancellation
 x - 3 potions of brilliance
 z - 4 potions of might
 A - 5 potions of invisibility
 D - a potion of ambrosia
 E - 2 potions of magic
 G - a potion of degeneration {unknown}
 P - a potion of resistance
 Q - a potion of heal wounds {unknown}


   Skills:
 - Level 4.0 Fighting
 - Level 8.0 Armour
 - Level 4.0 Dodging
 - Level 1.7 Stealth
 + Level 6.3 Unarmed Combat
 - Level 6.0 Spellcasting
 + Level 8.8 Conjurations
 - Level 6.0 Translocations
 * Level 12.6 Air Magic


You had 4 spell levels left.
You knew the following spells:

 Your Spells              Type           Power      Damage    Failure   Level
a - Shock                 Conj/Air       100%       1d9       1%          1
b - Static Discharge      Conj/Air       80%        N/A       1%          2
c - Swiftness             Air            87%        N/A       1%          3
d - Airstrike             Air            43%        N/A       1%          4
e - Lightning Bolt        Conj/Air       40%        1d59      2%          5
f - Passage of Golubria   Tloc           58%        N/A       7%          4

Your spell library contained the following spells:

 Spells                   Type           Power      Damage    Failure   Level
 Gell's Gravitas          Tloc           58%        N/A       2%          3
 Lesser Beckoning         Tloc           58%        N/A       2%          3
 Teleport Other           Tloc           58%        N/A       2%          3
 Portal Projectile        Hex/Tloc       74%        N/A       8%          3
 Call Canine Familiar     Summ           12%        N/A       26%         3
 Frozen Ramparts          Ice            24%        1d4       26%         3
 Tukima's Dance           Hex            12%        N/A       26%         3
 Animate Armour           Summ/Erth      24%        N/A       63%         4
 Ice Form                 Ice/Tmut       12%        N/A       63%         4
 Leda's Liquefaction      Hex/Erth       6%         N/A       63%         4
 Summon Ice Beast         Ice/Summ       12%        N/A       63%         4
 Iron Shot                Conj/Erth      24%        9d5       91%         6
 Blade Hands              Tmut           6%         N/A       93%         5
 Yara's Violent Unravell  Hex/Tmut       6%         3d5       93%         5
 Maxwell's Capacitive Co  Air            43%        ∞         97%         8


Dungeon Overview and Level Annotations

Branches:
Dungeon (11/15)            Temple (1/1) D:4            Lair (4/6) D:10
 Shoals (0/4) Lair:3          Orc (0/2) D:10          Sewer (visited)
Ossuary (visited)
  Snake: Lair:2-4    Spider: Lair:2-4

Shops:
D:4 *   D:10 (


Innate Abilities, Weirdness & Mutations

You have an increased reservoir of magic. (+10% MP)
You shall have no god before yourself.
Your divine heritage dramatically boosts your attributes as you level up.


Message History

The death yak gores you but does no damage.
The torpor snail bites the plant!
The plant begins to die.
The torpor snail bites the plant!
The death yak gores you but does no damage.
The torpor snail bites the plant!!
The death yak barely misses you.
A nearby plant withers and dies.
The death yak gores you!!
* * * LOW HITPOINT WARNING * * *
You feel yourself speed up.
Being near the torpor snail leaves you feeling lethargic.
The death yak gores you but does no damage.
The death yak gores you!!
* * * LOW HITPOINT WARNING * * *
The death yak gores you but does no damage.
Casting: Static Discharge (safe; 1% risk of failure)
Confirm with . or Enter, or press ? or * to list all spells.
Aiming: Lightning Bolt (dangerous; 3% risk of failure)
Press: ? - help, Shift-Dir - straight line You hear a mighty clap of thunder!
The bolt of lightning hits the death yak!!
The death yak is almost dead.
The bolt of lightning hits the death yak!!!
You kill the death yak!
The bolt of lightning hits the torpor snail.
The torpor snail is lightly wounded.
Unknown command.
Casting: Lightning Bolt (dangerous; 2% risk of failure)
Confirm with . or Enter, or press ? or * to list all spells.
Aiming: Lightning Bolt (dangerous; 2% risk of failure)
Press: ? - help, Shift-Dir - straight line You hear a mighty clap of thunder!
The bolt of lightning hits the torpor snail.
The torpor snail is lightly wounded.
The bolt of lightning hits the torpor snail!
The torpor snail is moderately wounded.
The bolt of lightning hits the torpor snail!!!
You kill the torpor snail!
The torpor snail bites you!
You die...

..................Y.......####.##
..####.#.....#.#..##.......##....
#.....###.....###.....##..####..#
#####..###.'######.####...# ##..
# #..###...##.##.# #.YP# #.# .
#.###......##### ##Y## ##.. .#
#..P#8.<.8.P### #...# ##...
..###..##.....###P######.## #.#..
.#....####.8..#.@........# ##...#
....#..# ##.###w##.#.#.P## #P..##
.....### ###..†###.##### #P.##
.....# #.#.# ### ##.# .#..##
#..## #.# #...# #..# ##.##
##..##### #.## #...#
.###..#.#####..######## #..##
......................#######.#


You could see a torpor snail.

Vanquished Creatures
  Snorg (Lair:3)
  A hydra (Lair:3)
  A boulder beetle (Lair:3)
  10 death yaks
  2 merfolk sirens (Lair:3)
  2 black mambas
  8 cane toads
  3 torpor snails (Lair:4)
  9 komodo dragons
  A polar bear (Lair:3)
  Grinder (D:3)
  4 blink frogs
  Prince Ribbit (D:5)
  2 culicivoras (Lair:4)
  44 yaks
  A wraith (D:9)
  Sigmund (D:3)
  3 basilisks
  3 wyverns
  3 steam dragons
  4 vampire mosquitoes (D:10)
  2 acid dragons
  9 water moccasins
  5 orc warriors
  A hornet zombie (D:6)
  3 ice beasts
  A sky beast (D:7)
  An ogre (D:3)
  A necrophage (D:5)
  7 centaurs
  A phantom (D:6)
  A kobold brigand (D:9)
  Blork the orc (D:5)
  7 bullfrogs
  5 wyvern zombies (Ossuary)
  2 scorpions
  9 killer bees
  An electric eel (Lair:3)
  2 howler monkeys
  4 centaur zombies
  5 bullfrog zombies
  2 jellies (D:4)
  3 hounds (D:4)
  5 orc priests
  2 centaur skeletons
  Crazy Yiuf (D:5)
  Jessica (D:3)
  17 mummies (Ossuary)
  3 iguanas
  10 orc wizards
  A scorpion zombie (D:5)
  2 killer bee zombies (Ossuary)
  A hound zombie (D:5)
  2 hound skeletons (D:4)
  3 howler monkey zombies
  9 adders
  3 gnolls (D:4)
  A shadow imp (D:7)
  2 white imps
  An ufetubus (D:6)
  5 dart slugs
  20 orcs
  3 endoplasms
  17 giant cockroaches
  11 goblins
  12 hobgoblins
  8 quokkas
  13 ball pythons
  6 bats
  9 frilled lizards
  14 kobolds
  6 rats
366 creatures vanquished.

Vanquished Creatures (others)
  13 fungi
  29 plants
  8 withered plants (Ossuary)
50 creatures vanquished.

Grand Total: 416 creatures vanquished

Notes
Turn   | Place    | Note
-------+----------+-------------------------------------------
     0 | D:1      | pkoi the Demigod Air Elementalist began the quest for the
                  | Orb.
     0 | D:1      | Reached XP level 1. HP: 14/14 MP: 5/5
   124 | D:1      | Reached skill level 3 in Air Magic
   426 | D:1      | Reached skill level 1 in Conjurations
   671 | D:1      | Reached XP level 2. HP: 20/20 MP: 0/7
  1873 | D:1      | Reached XP level 3. HP: 26/26 MP: 5/8
  1913 | D:1      | Learned a level 2 spell: Static Discharge
  3308 | D:2      | Learned a level 3 spell: Swiftness
  3349 | D:2      | Reached XP level 4. HP: 33/33 MP: 8/10
  4023 | D:3      | Noticed Jessica
  4030 | D:3      | Killed Jessica
  4073 | D:3      | Found a glowing drain.
  4132 | Sewer    | Entered a sewer
  4175 | Sewer    | Reached skill level 4 in Air Magic
  4484 | Sewer    | Noticed a bullfrog
  4490 | Sewer    | Killed a bullfrog
  4491 | Sewer    | Reached XP level 5. HP: 22/38 MP: 3/11
  5138 | D:3      | You are sucked into a shaft and drop 1 floor!
  5155 | D:4      | Reached XP level 6. HP: 30/45 MP: 13/13
  5182 | D:4      | Found a staircase to the Ecumenical Temple.
  5193 | Temple   | Entered the Ecumenical Temple
  5642 | D:4      | Reached skill level 5 in Air Magic
  6265 | D:4      | Learned a level 4 spell: Airstrike
  6458 | D:4      | Found Arapu's Fire Supplies.
  6468 | D:4      | Reached XP level 7. HP: 25/51 MP: 7/14
  6916 | D:3      | Noticed Sigmund
  6919 | D:3      | Killed Sigmund
  6920 | D:3      | Reached skill level 1 in Fighting
  6920 | D:3      | Reached skill level 1 in Armour
  7230 | D:3      | Noticed Grinder
  7239 | D:3      | Killed Grinder
  7240 | D:3      | Reached skill level 6 in Air Magic
  7627 | D:5      | Entered Level 5 of the Dungeon
  8012 | D:5      | Reached XP level 8. HP: 62/62 MP: 9/16
  8274 | D:5      | Noticed Blork the orc
  8281 | D:5      | Killed Blork the orc
  8782 | D:5      | Noticed Prince Ribbit
  9010 | D:5      | Killed Prince Ribbit
  9433 | D:5      | Found a runed translucent door.
  9434 | D:5      | Noticed Crazy Yiuf
  9635 | D:5      | Killed Crazy Yiuf
  9636 | D:5      | Reached skill level 7 in Air Magic
 11721 | D:6      | Identified the +9 ring mail of Liwe Del {Harm Will+ Str-4
                  | Int+6}
 11874 | D:7      | Reached XP level 9. HP: 70/70 MP: 15/18
 11883 | D:7      | Reached skill level 5 in Conjurations
 13080 | D:7      | Reached skill level 8 in Air Magic
 13713 | D:8      | Found a sand-covered staircase.
 13719 | Ossuary  | Entered an ossuary
 15172 | D:8      | Learned a level 5 spell: Lightning Bolt
 15207 | D:8      | Reached XP level 10. HP: 75/78 MP: 8/21
 15416 | D:8      | Reached skill level 5 in Spellcasting
 15486 | D:8      | Learned a level 4 spell: Passage of Golubria
 15498 | D:8      | Reached skill level 9 in Air Magic
 15679 | D:8      | Reached skill level 1 in Unarmed Combat
 15898 | D:8      | Identified the ring of the Lobster {rN+ Int+3 SInv}
 16394 | D:9      | Reached skill level 5 in Armour
 16626 | D:9      | Reached skill level 1 in Translocations
 18268 | D:10     | Entered Level 10 of the Dungeon
 20067 | D:10     | Found Tunuvakune's Antique Weapon Shoppe.
 20104 | D:10     | Found a staircase to the Orcish Mines.
 20385 | D:10     | Found a staircase to the Lair.
 20453 | D:10     | Reached skill level 10 in Air Magic
 20672 | D:10     | Reached XP level 11. HP: 84/84 MP: 17/23
 20973 | Lair:1   | Entered Level 1 of the Lair of Beasts
 21139 | Lair:1   | Noticed a death yak
 21139 | Lair:1   | Noticed a death yak
 23703 | Lair:1   | Noticed a death yak
 23703 | Lair:1   | Noticed a death yak
 23715 | Lair:1   | Killed a death yak
 23725 | Lair:1   | Noticed a death yak
 23740 | Lair:2   | Killed a death yak
 23741 | Lair:2   | Reached skill level 11 in Air Magic
 24222 | Lair:2   | Killed a death yak
 24790 | Lair:1   | Identified the +3 leather armour of Usawoulie {rC- Will++
                  | Dex+6}
 24898 | Lair:2   | Killed a death yak
 25311 | Lair:2   | Killed a death yak
 25985 | Lair:3   | Reached XP level 12. HP: 91/91 MP: 16/25
 25988 | Lair:3   | Noticed a boulder beetle
 26106 | Lair:3   | Noticed Snorg
 26110 | Lair:3   | Killed Snorg
 26111 | Lair:3   | Reached skill level 5 in Unarmed Combat
 26111 | Lair:3   | Reached skill level 5 in Translocations
 26905 | Lair:3   | Killed a boulder beetle
 27078 | Lair:3   | Noticed a seven-headed hydra
 27081 | Lair:3   | Killed a seven-headed hydra
 27592 | Lair:3   | Reached skill level 12 in Air Magic
 27685 | Lair:3   | Found a staircase to the Shoals.
 30310 | Lair:4   | Slain by a torpor snail

Illustrated notes

Levels and vault maps discovered:
D:1:      onia_arrival_mini_spirals, layout_basic
D:2:      minmay_chambers_of_twos, layout_rooms, basic_altar,
          nicolae_ecumenical_pavilion
D:3:      layout_rooms, portal_sewer_entry_d, minmay_curled_crystal,
          serial_bayou_ford_a, uniq_sigmund, uniq_grinder, uniq_jessica
D:4:      layout_rooms, minmay_temple_entry_statues_fountains,
          nicolae_shop_fire_sale [nicolae_sub_dead_trees],
          minmay_misc_feat_encased
D:5:      layout_cave_pools, uniq_crazy_yiuf_cottage, uniq_blork_the_orc,
          uniq_prince_ribbit1
D:6:      layout_basic, mainiacjoe_overflow_brackets
D:7:      layout_loops_ring, mainiacjoe_overflow_big_doors, xom_teletrap_fun,
          hangedman_decor_diamond_cutter, kennysheep_small_spiral,
          minmay_stone_trees_small, kennysheep_generic_room_12
D:8:      layout_rooms, enter_bailey_5, lightli_ossuary_entry_decrepit_ruins,
          serial_park_tiny_pond, corner_web_ring, corexii_hall_statues_s
D:9:      layout_layer_cave, minmay_misc_feat_rugged
D:10:     layout_basic, erik_lair_dragon, serial_shops, shop
D:11:     layout_cross, serial_glass, glass_columns_b, glass_columns_a
Temple:   compressed_dpeg_circular_temple
Lair:1:   layout_cave_shapes, grunt_megastairs_5, lemuel_fruit_tree
Lair:2:   layout_loops_ring, cheibrodos_lair_caveside_slide,
          serial_bayou_crossing, lemuel_fruit_fields, serial_bayou_shore_b,
          serial_bayou_shore_b
Lair:3:   layout_misc_corridors, elwin_shoals_entry_rooms, minivault_25,
          uniq_snorg
Lair:4:   layout_loops_ring, hellmonk_spider_entry_life_and_decay,
          kennysheep_snail_temple, grunt_megastairs_1

Skill      XL: |  1  2  3  4  5  6  7  8  9 10 11 12 |
---------------+-------------------------------------+-----
Air Magic      | 3 4 5 6 7 8 10 11 12 | 12.6
Conjurations   | 1 2 3 4 5 6 7 8 |  8.8
Spellcasting   | 2 3 4 5 6 |  6.0
Dodging        | 2 3 4 |  4.0
Fighting       | 2 3 4 |  4.0
Armour         | 2 3 4 5 7 8 |  8.0
Unarmed Combat | 3 4 6 |  6.3
Translocations | 2 4 6 |  6.0
Stealth        | |  1.7

Action                   |  1- 3 |  4- 6 |  7- 9 | 10-12 || total
-------------------------+-------+-------+-------+-------++-------
Melee: Unarmed           |    21 |       |       |       ||    21
       Punch             |     1 |       |     1 |     1 ||     3
       Whip              |     8 |       |       |       ||     8
       Trident           |       |    24 |   119 |    27 ||   170
 Cast: Shock             |   115 |   109 |   201 |   187 ||   612
       Static Discharge  |       |    13 |    31 |    55 ||    99
       Airstrike         |       |       |    31 |   124 ||   155
       Lightning Bolt    |       |       |       |    36 ||    36
  Use: Potion            |       |     4 |       |       ||     4
       Scroll            |       |     9 |     1 |    10 ||    20
 Stab: Distracted        |       |     1 |       |       ||     1
       Sleeping          |       |       |     1 |     1 ||     2
Armor: Robe              |     9 |    18 |    10 |       ||    37
       Ring mail         |       |       |   103 |    94 ||   197
Dodge: Dodged            |    29 |    24 |   118 |    84 ||   255
